[Event "Titled Tuesday Blitz May 03 Late 2022"]
[White "Skawinski, Arkadiusz"]
[Black "Vovk, Orest"]
[WhiteFideId "1126415"]
[BlackFideId "14113490"]
[WhiteElo "2222"]
[BlackElo "2203"]
[Result "1-0"]
[Round "07"]
[TimeControl "180+1"]
[Date "2022.05.03"]
[WhiteClock "0:00:23"]
[BlackClock "0:00:22"]

1. e4 g5 2. d4 h6 3. h4 g4 4. c3 d5 5. e5 c5 6. h5 Nc6 7. Ne2 Qb6 8. Nf4 cxd4 9. e6 Bxe6 10. Nxe6 fxe6 11. Qxg4 dxc3 12. Nxc3 Nd4 13. Bd3 Nf6 14. Qf4 Rg8 15. Bg6+ Kd7 16. Be3 Qxb2 17. O-O Nc6 18. Rab1 e5 19. Qf5+ e6 20. Qxf6 Qxc3 21. Rxb7+ Kc8 22. Rfb1 Nd8 23. R7b3 Qa5 24. Be8 Bd6 25. Rc1+ Bc7 26. Bf7 Nxf7 27. Qxf7 Rd8 28. Qxe6+ Rd7 29. Rbc3 d4 30. Rxc7+ Qxc7 31. Rxc7+ Kxc7 32. Qxe5+ Kc6 33. Bxd4 Rad8 34. Qc5+ Kb7 35. Qxa7+ Kc6 36. Qb6+ Kd5 37. Be3 Rd6 38. Qc5+ Ke6 39. Bxh6 Rd1+ 40. Kh2 R8d4 41. Bg5 Rd5 42. Qe3+ Kd7 43. h6 R1d3 44. Qxd3 Rxd3 45. h7 1-0


[Site "https://www.chess.com"]

[Event "Titled Tuesday Blitz May 03 Late 2022"]
[White "Skliarov, Viktor"]
[Black "Derraugh, Geordie"]
[WhiteFideId "14106736"]
[BlackFideId "2603950"]
[WhiteElo "2229"]
[BlackElo "2116"]
[Result "1-0"]
[Round "07"]
[TimeControl "180+1"]
[Date "2022.05.03"]
[WhiteClock "0:00:29"]
[BlackClock "0:00:08"]

1. e4 c5 2. Nf3 d6 3. d4 cxd4 4. Qxd4 Nc6 5. Bb5 Bd7 6. Bxc6 bxc6 7. c4 e5 8. Qd3 Qc7 9. O-O Nf6 10. b3 Be7 11. Ba3 Rd8 12. Rd1 Bg4 13. h3 Bh5 14. Nc3 O-O 15. g4 Bg6 16. Qe3 h6 17. Rd2 Rfe8 18. Rad1 Nh7 19. c5 d5 20. exd5 Qa5 21. d6 Qxa3 22. dxe7 Rxd2 23. Rxd2 Rxe7 24. Rd8+ Nf8 25. Nxe5 Qb2 26. h4 Qa1+ 27. Kh2 f6 28. Rxf8+ Kh7 29. Rh8+ Kxh8 30. Nxg6+ Kh7 31. Nxe7 Qf1 32. h5 1-0


[Site "https://www.chess.com"]

[Event "Titled Tuesday Blitz May 03 Late 2022"]
[White "Skytte, Rasmus"]
[Black "Smail, Benedict"]
[WhiteFideId "1404210"]
[BlackFideId "2050480"]
[WhiteElo "2430"]
[BlackElo "2070"]
[Result "0-1"]
[Round "07"]
[TimeControl "180+1"]
[Date "2022.05.03"]
[WhiteClock "0:00:43"]
[BlackClock "0:02:11"]

1. e4 c5 2. Nf3 d6 3. d4 cxd4 4. Nxd4 Nf6 5. Nc3 g6 6. Be3 Bg7 7. f3 Nc6 8. Qd2 O-O 9. Bc4 Bd7 10. O-O-O Qc7 11. Bb3 Rfc8 12. h4 Na5 13. Kb1 Nc4 14. Bxc4 Qxc4 15. Nb3 b5 16. g4 a5 17. e5 b4 18. Ne2 dxe5 19. g5 Nh5 20. Nc5 Bf5 0-1


[Site "https://www.chess.com"]

[Event "Titled Tuesday Blitz May 03 Late 2022"]
[White "Sokolovsky, Yahli"]
[Black "Sztokbant, Bernardo Vainzoff"]
[WhiteFideId "2820242"]
[BlackFideId "2115956"]
[WhiteElo "1770"]
[BlackElo "2225"]
[Result "1-0"]
[Round "07"]
[TimeControl "180+1"]
[Date "2022.05.03"]
[WhiteClock "0:01:06"]
[BlackClock "0:01:15"]

1. b3 e5 2. Bb2 Nc6 3. e3 Nf6 4. Nf3 d6 5. d4 exd4 6. exd4 d5 7. Bd3 Bg4 8. O-O Be7 9. Nbd2 O-O 10. Re1 Nb4 11. Be2 Bf5 12. c3 Nc2 13. Nh4 Be4 14. Nxe4 Nxe4 15. Qxc2 Bxh4 16. g3 Bf6 17. Bf3 Ng5 18. Bg2 c6 19. h4 Ne6 20. Re2 Re8 21. Rae1 g6 22. Bh3 Ng7 23. Bc1 Rxe2 24. Qxe2 Qe8 25. Qd1 Qf8 26. Qf3 Be7 27. Bh6 Bd6 28. Qf6 Bc7 29. Re7 Bd8 30. Qxg7+ 1-0


[Site "https://www.chess.com"]

[Event "Titled Tuesday Blitz May 03 Late 2022"]
[White "Stanisz, Patryk"]
[Black "Meduri, Aakaash"]
[WhiteFideId "1123106"]
[BlackFideId "2032252"]
[WhiteElo "1833"]
[BlackElo "2096"]
[Result "0-1"]
[Round "07"]
[TimeControl "180+1"]
[Date "2022.05.03"]
[WhiteClock "0:00:03"]
[BlackClock "0:00:52"]

1. Nf3 d5 2. c4 e6 3. e3 Nf6 4. b3 c6 5. Bb2 Be7 6. Be2 O-O 7. O-O Nbd7 8. d4 Re8 9. Nbd2 Nf8 10. Ne5 Ng6 11. f4 Bd7 12. Bd3 a5 13. Ndf3 a4 14. Ng5 Rf8 15. Qe1 axb3 16. axb3 Rxa1 17. Bxa1 Ne8 18. Ngf3 f5 19. Nxg6 hxg6 20. Ne5 g5 21. g4 gxf4 22. exf4 Bh4 23. Qe2 Bf6 24. Ng6 Rf7 25. g5 Bxg5 26. Qh5 Bh6 27. Nh8 Rf6 28. Ng6 Nd6 29. Bc3 Be8 30. Qh4 Rxg6+ 31. Kh1 Qxh4 0-1


[Site "https://www.chess.com"]

[Event "Titled Tuesday Blitz May 03 Late 2022"]
[White "Stevens, Christian"]
[Black "Khanin, Semen"]
[WhiteFideId "2604450"]
[BlackFideId "4111990"]
[WhiteElo "2528"]
[BlackElo "2442"]
[Result "0-1"]
[Round "07"]
[TimeControl "180+1"]
[Date "2022.05.03"]
[WhiteClock "0:00:01"]
[BlackClock "0:00:07"]

1. Nf3 Nf6 2. c4 g6 3. Nc3 Bg7 4. e4 e5 5. d4 exd4 6. Nxd4 O-O 7. Be2 Re8 8. f3 c6 9. Bg5 Qa5 10. Qd2 d5 11. exd5 cxd5 12. O-O-O dxc4 13. Bxc4 Nc6 14. Nxc6 bxc6 15. Rhe1 Ba6 16. Bxa6 Qxa6 17. Qd6 Rxe1 18. Rxe1 Nd5 19. Nxd5 Qxa2 20. Nf6+ Kh8 21. Qe5 Qa1+ 22. Kc2 Qa4+ 23. Kb1 c5 24. Qd5 Rb8 25. Qxf7 Rxb2+ 26. Kxb2 Qb4+ 27. Qb3 Qd4+ 28. Qc3 Qf2+ 29. Kb3 c4+ 30. Kxc4 Bf8 31. Re8 Qc5+ 32. Kb3 Qb5+ 33. Kc2 Qf5+ 34. Qd3 Qxg5 35. Rxf8+ Kg7 36. Rg8+ Kf7 37. Qd8 Qc5+ 0-1


[Site "https://www.chess.com"]

[Event "Titled Tuesday Blitz May 03 Late 2022"]
[White "Stojanovski, Sandi"]
[Black "Jegorovas, Aleksandras"]
[WhiteFideId "1403249"]
[BlackFideId "12801950"]
[WhiteElo "2301"]
[BlackElo "2247"]
[Result "0-1"]
[Round "07"]
[TimeControl "180+1"]
[Date "2022.05.03"]
[WhiteClock "0:00:02"]
[BlackClock "0:00:16"]

1. d3 d5 2. Nf3 Nc6 3. g3 e5 4. Bg2 Bc5 5. O-O Nf6 6. Nxe5 Nxe5 7. d4 Bd6 8. dxe5 Bxe5 9. c4 dxc4 10. Qxd8+ Kxd8 11. Rd1+ Ke7 12. Na3 Be6 13. Bxb7 Rab8 14. Ba6 c3 15. bxc3 Bxc3 16. Be3 Bxa1 17. Bc5+ Ke8 18. Rxa1 Nd7 19. Bxa7 Ra8 20. Nb5 c6 21. Bb7 Ke7 22. Bxc6 Rac8 23. Be4 f5 24. Bf3 Rc2 25. Nd4 Rxa2 26. Rxa2 Bxa2 27. Nxf5+ Kf6 28. g4 g6 29. Bd4+ Ne5 30. Nh6 Rd8 31. e3 Rxd4 32. exd4 Nxf3+ 33. Kg2 Nxd4 34. h4 g5 35. Kg3 Kg6 36. hxg5 Kxg5 37. Nf7+ Bxf7 38. f4+ Kg6 39. Kh4 Be6 40. Kg3 Nf5+ 41. Kh3 Nh6 42. f5+ Nxf5 0-1


[Site "https://www.chess.com"]

[Event "Titled Tuesday Blitz May 03 Late 2022"]
[White "Svane, Rasmus"]
[Black "Licznerski, Lukasz"]
[WhiteFideId "4657101"]
[BlackFideId "1179250"]
[WhiteElo "2645"]
[BlackElo "2422"]
[Result "0-1"]
[Round "07"]
[TimeControl "180+1"]
[Date "2022.05.03"]
[WhiteClock "0:01:10"]
[BlackClock "0:00:56"]

1. Nf3 Nf6 2. g3 g6 3. Bg2 Bg7 4. O-O d5 5. d4 O-O 6. c3 c6 7. Re1 Bf5 8. Nbd2 Nbd7 9. Nh4 Be6 10. e4 dxe4 11. Nxe4 Bd5 12. Nxf6+ Bxf6 13. Nf3 Re8 14. Bf4 Qb6 15. Qc2 Rad8 16. h4 Bxf3 17. Bxf3 e5 18. dxe5 Nxe5 19. Bg2 h5 20. Be3 Qc7 21. Rad1 Ng4 22. Bf4 Be5 23. Rxd8 Rxd8 24. Bg5 Bf6 25. Bc1 Be7 26. Rd1 Bc5 27. Rf1 Qxg3 0-1


[Site "https://www.chess.com"]

[Event "Titled Tuesday Blitz May 03 Late 2022"]
[White "Tang, Andrew"]
[Black "Matinian, Nikita"]
[WhiteFideId "2059630"]
[BlackFideId "24129100"]
[WhiteElo "2584"]
[BlackElo "2422"]
[Result "1-0"]
[Round "07"]
[TimeControl "180+1"]
[Date "2022.05.03"]
[WhiteClock "0:01:37"]
[BlackClock "0:00:07"]

1. d4 Nf6 2. c4 g6 3. f3 Bg7 4. e4 d6 5. Nc3 O-O 6. Nge2 Nc6 7. Be3 a6 8. Rb1 b5 9. cxb5 axb5 10. Nxb5 Ba6 11. Nec3 e5 12. d5 Ne7 13. Bc4 Nh5 14. O-O f5 15. Qd2 f4 16. Bf2 g5 17. b4 Nf6 18. h3 h5 19. Rfc1 g4 20. hxg4 hxg4 21. Kf1 g3 22. Bg1 Ng6 23. a4 Nh4 24. a5 Qe8 25. Qd3 Qh5 26. Nxd6 cxd6 27. Bxa6 Rxa6 28. Qxa6 Nxf3 29. gxf3 Qxf3+ 30. Ke1 Qh1 31. Kd2 f3 32. Qxd6 Qg2+ 33. Kd3 f2 34. Qe6+ Kh7 35. Bxf2 gxf2 36. Rh1+ Bh6 37. Qh3 Qxh3+ 38. Rxh3 Ng4 39. Rf1 Kg6 40. a6 Rb8 41. a7 Ra8 42. Nb5 1-0


[Site "https://www.chess.com"]

[Event "Titled Tuesday Blitz May 03 Late 2022"]
[White "Turutin, Alexander"]
[Black "Diaz, Fernando"]
[WhiteFideId "4180623"]
[BlackFideId "3701255"]
[WhiteElo "2402"]
[BlackElo "1934"]
[Result "1-0"]
[Round "07"]
[TimeControl "180+1"]
[Date "2022.05.03"]
[WhiteClock "0:00:22"]
[BlackClock "0:00:23"]

1. e4 e6 2. d4 d5 3. Nc3 Bb4 4. e5 c5 5. a3 Bxc3+ 6. bxc3 Ne7 7. Nf3 Qa5 8. Bd2 Qa4 9. Qb1 c4 10. h4 Nbc6 11. h5 h6 12. g3 b6 13. Bh3 Bd7 14. O-O O-O-O 15. Nh4 Kb7 16. Ng2 g5 17. Ne3 Ka8 18. Ng4 Ng8 19. Qc1 Nce7 20. Kh2 Nf5 21. Ne3 Ng7 22. Qd1 f6 23. f4 Be8 24. f5 Bxh5 25. g4 Bf7 26. fxe6 Nxe6 27. Nf5 h5 28. Nd6 Rxd6 29. exd6 hxg4 30. Qxg4 Qxc2 31. Rf2 Nh6 32. Qg2 Qe4 33. Qxe4 dxe4 34. Kg1 Ng8 35. Bg2 Bg6 36. d7 f5 37. d5 Nd8 38. Bxg5 Nh6 39. Bh3 Nhf7 40. Bxd8 Rxd8 41. Bxf5 Bxf5 42. Rxf5 Rxd7 43. Re1 Nd6 44. Rf8+ Kb7 45. Kf2 Ka6 46. Ke3 Ka5 47. Kd4 Nb5+ 48. Kxc4 Nxa3+ 49. Kb3 Nb5 50. Rxe4 Rxd5 51. Ra4# 1-0


[Site "https://www.chess.com"]

[Event "Titled Tuesday Blitz May 03 Late 2022"]
[White "Vasquez Schroeder, Rodrigo"]
[Black "Dubov, Daniil"]
[WhiteFideId "3400042"]
[BlackFideId "24126055"]
[WhiteElo "2561"]
[BlackElo "2791"]
[Result "0-1"]
[Round "07"]
[TimeControl "180+1"]
[Date "2022.05.03"]
[WhiteClock "0:00:03"]
[BlackClock "0:00:05"]

1. e4 c5 2. Nf3 Nc6 3. d4 cxd4 4. Nxd4 Nf6 5. Nc3 e5 6. Ndb5 d6 7. Bg5 a6 8. Na3 b5 9. Nd5 Be7 10. Bxf6 Bxf6 11. c3 Rb8 12. Nc2 Bg5 13. Be2 O-O 14. O-O Kh8 15. Qd3 f5 16. Bf3 Na5 17. b3 f4 18. Ncb4 Bb7 19. Rfb1 Nc6 20. a4 bxa4 21. Rxa4 a5 22. Nc2 Ne7 23. Ra3 Nxd5 24. exd5 Qb6 25. Be4 Bh4 26. Rf1 Ba6 27. c4 Bd8 28. Rfa1 Qc5 29. Ne1 Bb6 30. R1a2 g6 31. Qd2 Qc7 32. Nf3 Qe7 33. h3 Bc8 34. Qc3 Bc5 35. Rxa5 Bb4 36. Qb2 Bxa5 37. Rxa5 Bf5 38. Bxf5 gxf5 39. c5 dxc5 40. Nxe5 Qg7 41. Ra7 Qf6 42. d6 Rbe8 43. Re7 Rxe7 44. dxe7 Re8 45. Nf7+ Kg7 46. Qxf6+ Kxf6 47. Nd6 Rxe7 48. Kf1 Rd7 49. Nc4 Rd3 50. Na5 Rc3 51. Ke2 f3+ 52. gxf3 Ke5 53. Nc4+ Kd4 54. Ne3 f4 55. Nf5+ Ke5 56. Ne7 Rxb3 57. Nc6+ Kd5 58. Ne7+ Kc4 59. Nc6 Rb2+ 60. Ke1 Kd5 61. Ne7+ Kd4 62. Nc6+ Kc3 63. h4 c4 64. Ne5 Rb5 65. Ng4 Kb2 0-1


[Site "https://www.chess.com"]

[Event "Titled Tuesday Blitz May 03 Late 2022"]
[White "Vusatiuk, Vladimir"]
[Black "Sliwicki, Damian"]
[WhiteFideId "14118610"]
[BlackFideId "1127128"]
[WhiteElo "2157"]
[BlackElo "2084"]
[Result "1-0"]
[Round "07"]
[TimeControl "180+1"]
[Date "2022.05.03"]
[WhiteClock "0:00:56"]
[BlackClock "0:00:09"]

1. Nf3 g6 2. h4 d5 3. h5 Bg7 4. d4 Bg4 5. h6 Bf6 6. Nc3 Nc6 7. e3 Qd7 8. Be2 O-O-O 9. b4 Nxb4 10. Rb1 Nc6 11. Na4 Bxf3 12. Nc5 Bxe2 13. Qxe2 Qf5 14. Rxb7 Nxd4 15. exd4 Bxd4 16. Rb8+ Kxb8 17. Qb5+ 1-0


[Site "https://www.chess.com"]

[Event "Titled Tuesday Blitz May 03 Late 2022"]
[White "Vypkhaniuk, Ihor"]
[Black "Lashkin, Jegor"]
[WhiteFideId "14112256"]
[BlackFideId "13907808"]
[WhiteElo "2346"]
[BlackElo "2368"]
[Result "0-1"]
[Round "07"]
[TimeControl "180+1"]
[Date "2022.05.03"]
[WhiteClock "0:00:01"]
[BlackClock "0:00:06"]

1. d4 Nf6 2. Nf3 d5 3. c4 e6 4. Nc3 Bb4 5. e3 O-O 6. Bd2 b6 7. cxd5 exd5 8. Bd3 Bb7 9. Rc1 a6 10. O-O Bd6 11. Ne2 c5 12. dxc5 bxc5 13. Ng3 Re8 14. Bc3 Nbd7 15. Qa4 c4 16. Be2 Nc5 17. Qc2 Nfe4 18. Bb4 Nd3 19. Bxd3 cxd3 20. Qa4 a5 21. Bxd6 Qxd6 22. Rfd1 Qg6 23. Qd7 Qb6 24. Rxd3 Qxb2 25. Rc7 Qxf2+ 26. Kh1 Rf8 27. Rd1 Qxe3 28. Nxe4 dxe4 29. Ne5 Qf4 30. Nc4 Ba6 31. Nb6 Rab8 32. Nd5 Qg5 33. Ne7+ Kh8 34. Nf5 h6 35. Ng3 e3 36. Re1 e2 37. Qd6 Rbd8 38. Qxa6 Qf4 39. Qxe2 Qxc7 40. Nf5 Qf4 0-1


[Site "https://www.chess.com"]

[Event "Titled Tuesday Blitz May 03 Late 2022"]
[White "Wagner, Dennis"]
[Black "Avalos Parra, Joao"]
[WhiteFideId "24650684"]
[BlackFideId "3402541"]
[WhiteElo "2355"]
[BlackElo "2173"]
[Result "1-0"]
[Round "07"]
[TimeControl "180+1"]
[Date "2022.05.03"]
[WhiteClock "0:01:29"]
[BlackClock "0:01:08"]

1. d4 d5 2. c3 Nf6 3. Nf3 c5 4. dxc5 a5 5. e3 e6 6. b4 axb4 7. cxb4 b6 8. a4 bxc5 9. b5 Bd6 10. Bb2 Nbd7 11. Be2 O-O 12. O-O Qc7 13. Nbd2 Bb7 14. Qc2 e5 15. e4 Nxe4 16. Nxe4 dxe4 17. Ng5 Nf6 18. Bc4 h6 19. Nh3 Nd5 20. Rfd1 Nb4 21. Qb3 Kh7 22. a5 Nd3 23. Bxd3 1-0


[Site "https://www.chess.com"]

[Event "Titled Tuesday Blitz May 03 Late 2022"]
[White "Winkels, Marcel"]
[Black "Gascon Del Nogal, Jose Rafael"]
[WhiteFideId "1003887"]
[BlackFideId "3902463"]
[WhiteElo "1900"]
[BlackElo "2473"]
[Result "0-1"]
[Round "07"]
[TimeControl "180+1"]
[Date "2022.05.03"]
[WhiteClock "0:00:38"]
[BlackClock "0:00:08"]

1. d4 Nf6 2. Bf4 g6 3. Nc3 d5 4. h4 h5 5. e3 Bg7 6. Nf3 Bg4 7. Be2 Bxf3 8. Bxf3 O-O 9. Qd2 e6 10. Bg5 Nbd7 11. g4 hxg4 12. Bxg4 Qe8 13. Bf3 Nh7 14. O-O-O c5 15. Bf4 Nb6 16. Be2 Qe7 17. h5 g5 18. h6 Bh8 19. Rdg1 Bf6 20. Bxg5 Nxg5 21. f4 Kh8 22. fxg5 Bxg5 23. Rh5 Rg8 24. h7 Rg7 25. Bd3 cxd4 26. Nd1 dxe3 27. Nxe3 d4 28. Rhxg5 Rxg5 29. Rxg5 Qxg5 30. Nf1 Qxd2+ 31. Nxd2 f5 32. Nf3 Kxh7 33. Ng5+ Kg6 34. Nxe6 Kf6 35. Nxd4 f4 36. Nf3 Rg8 37. Kd2 Nd5 38. Be4 Rg2+ 39. Kd3 Ne7 40. b3 Rg3 41. Bxb7 Ng6 42. Ke4 Rg2 43. Kd3 Rf2 44. a4 Ne5+ 45. Nxe5 Kxe5 46. c4 f3 47. Ke3 Rb2 48. Kxf3 Rxb3+ 49. Ke2 Rxb7 0-1


[Site "https://www.chess.com"]

[Event "Titled Tuesday Blitz May 03 Late 2022"]
[White "Yanayt, Eugene"]
[Black "Ferreira, Vitor Hugo Vieira"]
[WhiteFideId "2020165"]
[BlackFideId "2119765"]
[WhiteElo "2046"]
[BlackElo "2165"]
[Result "1-0"]
[Round "07"]
[TimeControl "180+1"]
[Date "2022.05.03"]
[WhiteClock "0:00:13"]
[BlackClock "0:01:07"]

1. d4 d5 2. c4 c6 3. Nf3 Nf6 4. g3 e6 5. Bg2 Be7 6. Qd3 O-O 7. O-O b6 8. Nc3 Ba6 9. Ne5 dxc4 10. Qd1 Qc8 11. a4 Nd5 12. Ne4 Nd7 13. f4 Nxe5 14. fxe5 b5 15. Bg5 f6 16. exf6 gxf6 17. Bh6 Rf7 18. Bf3 Bf8 19. Qd2 Bxh6 20. Qxh6 Qf8 21. Qh3 Bc8 22. Bh5 Rg7 23. Rf3 e5 24. Qh4 Nf4 25. Nxf6+ Kh8 26. dxe5 Nxh5 27. Nxh5 Qc5+ 28. Kh1 Bg4 29. Rf4 Bxh5 30. Qxh5 Re8 31. Qxe8+ Rg8 32. Qf7 Qxe5 33. Raf1 Qxb2 34. Rh4 Qc2 35. e4 Rg7 36. Qe8+ Rg8 37. Qe5+ Rg7 38. Rf8# 1-0


[Site "https://www.chess.com"]

[Event "Titled Tuesday Blitz May 03 Late 2022"]
[White "Yuan, Qingyu"]
[Black "Bordi, Kevin"]
[WhiteFideId "8609772"]
[BlackFideId "621862"]
[WhiteElo "2359"]
[BlackElo "2658"]
[Result "1/2-1/2"]
[Round "07"]
[TimeControl "180+1"]
[Date "2022.05.03"]
[WhiteClock "0:00:29"]
[BlackClock "0:00:32"]

1. e4 d5 2. exd5 Qxd5 3. Nc3 Qa5 4. d4 Nf6 5. Nf3 c6 6. Ne5 Be6 7. Nc4 Bxc4 8. Bxc4 e6 9. Qe2 Nbd7 10. Bd2 Qb6 11. O-O-O Qxd4 12. Bxe6 fxe6 13. Qxe6+ Be7 14. Rhe1 O-O-O 15. Qxe7 Qxf2 16. Be3 Qxg2 17. Bxa7 Rhe8 18. Qd6 Rxe1 19. Rxe1 Re8 20. Rd1 Qg5+ 21. Kb1 Qe5 22. Qa3 Qxh2 23. Bd4 h5 24. Qa8+ Qb8 25. Qa5 Qf4 26. a4 h4 27. Qa8+ Qb8 28. Qa5 Qf4 29. Qa8+ Qb8 30. Qa5 Qf4 1/2-1/2


[Site "https://www.chess.com"]

[Event "Titled Tuesday Blitz May 03 Late 2022"]
[White "Yurovskykh, Oleksandr"]
[Black "Carrasco Miranda, Andres"]
[WhiteFideId "14134020"]
[BlackFideId "3405990"]
[WhiteElo "2292"]
[BlackElo "2177"]
[Result "0-1"]
[Round "07"]
[TimeControl "180+1"]
[Date "2022.05.03"]
[WhiteClock "0:00:02"]
[BlackClock "0:00:59"]

1. d4 Nf6 2. Nf3 g6 3. Bg5 Bg7 4. Nbd2 d5 5. e3 O-O 6. Bd3 c5 7. c3 Qb6 8. Qc2 Nc6 9. O-O Be6 10. Rfe1 Rac8 11. dxc5 Qxc5 12. Nb3 Qb6 13. Nbd4 Bg4 14. Qe2 e5 15. Nxc6 bxc6 16. Ba6 Rce8 17. h3 Bxf3 18. gxf3 Nd7 19. Bd3 f5 20. Bh4 e4 21. fxe4 fxe4 22. Bb1 Ne5 23. Bg3 Nf3+ 24. Kg2 h5 25. b3 h4 26. Bh2 g5 27. Bc2 Qc7 0-1


[Site "https://www.chess.com"]

[Event "Titled Tuesday Blitz May 03 Late 2022"]
[White "Zherebtsova, Alexandra"]
[Black "Wagner, Dinara"]
[WhiteFideId "24129518"]
[BlackFideId "24157570"]
[WhiteElo "2025"]
[BlackElo "2216"]
[Result "0-1"]
[Round "07"]
[TimeControl "180+1"]
[Date "2022.05.03"]
[WhiteClock "0:00:14"]
[BlackClock "0:02:15"]

1. d4 Nf6 2. Nf3 d5 3. c4 e6 4. e3 c5 5. cxd5 exd5 6. Be2 Nc6 7. O-O Be6 8. Nc3 Be7 9. dxc5 Bxc5 10. a3 O-O 11. b4 Bd6 12. Bb2 a6 13. Rc1 Re8 14. Na4 Rc8 15. Nc5 Qe7 16. h3 Bb8 17. Qa4 Bf5 18. Rfd1 Ne4 19. Rxd5 Nxf2 20. Rxf5 Qxe3 21. Bc4 Ne4+ 22. Kh1 Ng3+ 23. Kh2 Nxf5+ 24. Kh1 0-1


[Site "https://www.chess.com"]

[Event "Titled Tuesday Blitz May 03 Late 2022"]
[White "Zlatin, Alexander"]
[Black "Keller, Peter"]
[WhiteFideId "2810549"]
[BlackFideId "1272105"]
[WhiteElo "2228"]
[BlackElo "2275"]
[Result "1-0"]
[Round "07"]
[TimeControl "180+1"]
[Date "2022.05.03"]
[WhiteClock "0:00:09"]
[BlackClock "0:00:06"]

1. d4 Nf6 2. Nc3 d5 3. Bf4 a6 4. e4 dxe4 5. d5 c6 6. dxc6 Qxd1+ 7. Rxd1 Nxc6 8. Na4 Bg4 9. f3 exf3 10. gxf3 Bf5 11. Nb6 Rd8 12. Rd2 e5 13. Rxd8+ Kxd8 14. Bg5 Kc7 15. Nc4 Bxc2 16. Ne2 Bb4+ 17. Nc3 Nd5 18. Bd2 Nxc3 19. bxc3 Bc5 20. Ne3 Bxe3 21. Bxe3 Rd8 22. Be2 Bd3 23. Bd1 b5 24. Rg1 Bg6 25. h4 h5 26. f4 Re8 27. f5 Bxf5 28. Rxg7 Bg6 29. Bb3 Nd8 30. Bg5 Ne6 31. Bxe6 Rxe6 32. Rg8 Kc6 33. Rc8+ Kd5 34. Kd2 Ke4 35. c4 bxc4 36. Rxc4+ Kf3 37. Rc3+ Kg4 38. Rc4+ e4 39. Ke3 f6 40. Bf4 Kxh4 41. Rc1 Kg4 42. Rg1+ Kf5 43. Rc1 h4 44. Rc5+ Kg4 45. Rc1 h3 46. Rg1+ Kh4 47. Rxg6 a5 48. a4 Kh5 49. Rg8 Kh4 50. Rg1 Kh5 51. Rd1 Kg4 52. Rd8 Kf5 53. Rd5+ Kg4 54. Rxa5 Rc6 55. Bb8 f5 56. Ra7 Rc3+ 57. Kd2 Rd3+ 58. Ke2 f4 59. Rg7+ Kf5 60. Rf7+ Ke6 61. Rxf4 h2 62. Rxe4+ Kd5 63. Re5+ Kc4 64. Rh5 1-0


[Site "https://www.chess.com"]

[Event "Titled Tuesday Blitz May 03 Late 2022"]
[White "Aggelis, Nikolaos"]
[Black "Kholin, Aleksandr"]
[WhiteFideId "4213220"]
[BlackFideId "14179385"]
[WhiteElo "2154"]
[BlackElo "2475"]
[Result "1/2-1/2"]
[Round "08"]
[TimeControl "180+1"]
[Date "2022.05.03"]
[WhiteClock "0:00:26"]
[BlackClock "0:00:14"]

1. d4 d5 2. g3 Nf6 3. Nf3 e6 4. Bg2 Be7 5. O-O O-O 6. c4 dxc4 7. Qc2 a6 8. a4 Bd7 9. Ne5 Nc6 10. Qxc4 Nxe5 11. dxe5 Nd5 12. Bxd5 exd5 13. Qxd5 Qc8 14. Nc3 Bc6 15. Qc4 Qf5 16. Bf4 Rad8 17. e4 Qg6 18. Nd5 Rd7 19. Rfd1 Qe6 20. Nxe7+ Qxe7 21. Rxd7 Qxd7 22. Re1 h6 23. h4 Rd8 24. b3 Qg4 25. Qe2 Qxe2 26. Rxe2 Rd1+ 27. Kg2 Rd3 28. Re3 Rxe3 29. Bxe3 Bxe4+ 30. Kf1 Bc2 31. b4 Bxa4 32. Ba7 Kf8 33. Bb8 c6 34. Ke2 Ke7 35. Kd3 Ke6 36. Ke4 h5 37. Bc7 g6 38. Bb6 Bc2+ 39. Kd4 Kf5 40. Bc7 Bb3 41. Bb6 Kg4 42. Ke3 Kf5 43. Kd4 Ke6 44. Bc7 Bd1 45. Bb6 Bf3 46. Bc7 Bd5 47. Bb6 Kd7 48. Kc5 Be6 49. Ba5 Bb3 50. Bb6 Bc2 51. Ba5 Be4 52. Bb6 Ke6 53. Kd4 Bd5 54. Bc7 Kf5 55. Bb6 Kg4 56. Ke3 Kh3 57. Bc5 Kg2 58. Bb6 Kf1 59. Kd2 Bf3 60. Bc5 Bd5 61. Bb6 Be4 62. Bc5 a5 63. bxa5 Kg2 64. Ke3 Bd5 65. Bb6 Kh3 66. Kf4 Kg2 67. Ke3 Kh3 68. Kf4 Kg2 69. Ke3 1/2-1/2


[Site "https://www.chess.com"]

[Event "Titled Tuesday Blitz May 03 Late 2022"]
[White "Ambartsumova, Karina"]
[Black "Abdyzhapar, Asylbek"]
[WhiteFideId "4166299"]
[BlackFideId "13800337"]
[WhiteElo "2262"]
[BlackElo "2331"]
[Result "1-0"]
[Round "08"]
[TimeControl "180+1"]
[Date "2022.05.03"]
[WhiteClock "0:00:15"]
[BlackClock "0:01:29"]

1. c4 Nf6 2. Nf3 d6 3. d4 g6 4. g3 Bg7 5. Bg2 O-O 6. Nc3 Nc6 7. O-O a6 8. Bf4 Re8 9. Rc1 Rb8 10. Qd2 Bg4 11. Nd5 Bxf3 12. Bxf3 Nxd5 13. cxd5 Nxd4 14. Bg2 e5 15. Be3 Nf5 16. Rc2 Nxe3 17. Qxe3 f5 18. Rfc1 Re7 19. b4 e4 20. Rc4 Ra8 21. a4 a5 22. b5 b6 23. Qb3 Rd7 24. e3 Qe7 25. Qc2 Rc8 26. g4 Qf7 27. Kh1 Be5 28. Rg1 Kh8 29. Qe2 Re8 30. gxf5 gxf5 31. Bh3 Rde7 32. Rg5 f4 33. Be6 f3 34. Qf1 Qf6 35. Qg1 Rxe6 36. dxe6 d5 37. Rc6 d4 38. exd4 Bxd4 39. Rxc7 e3 40. Rxh7+ Kxh7 41. Rh5+ Qh6 42. Rxh6+ Kxh6 43. fxe3 Bc5 44. Qg4 Rf8 45. Qh4+ Kg6 46. Qe4+ Kg5 47. Kg1 f2+ 48. Kf1 Kf6 49. Kxf2 Ke7+ 50. Ke2 Rf6 51. Qb7+ Kxe6 52. h4 Kf5 53. Qd5+ Kg6 54. Qg5+ Kf7 55. h5 Re6 56. h6 Rxe3+ 57. Qxe3 Bxe3 58. Kxe3 Kg6 59. Kd4 Kxh6 60. Kd5 Kg6 61. Kc6 Kf6 62. Kxb6 Ke6 63. Kxa5 Kd6 64. Kb6 Kd7 65. Kb7 1-0


[Site "https://www.chess.com"]

[Event "Titled Tuesday Blitz May 03 Late 2022"]
[White "Avalos Parra, Joao"]
[Black "Omariev, Maksim"]
[WhiteFideId "3402541"]
[BlackFideId "4193423"]
[WhiteElo "2173"]
[BlackElo "2527"]
[Result "1-0"]
[Round "08"]
[TimeControl "180+1"]
[Date "2022.05.03"]
[WhiteClock "0:00:08"]
[BlackClock "0:00:01"]

1. d4 Nf6 2. c4 c5 3. d5 e6 4. Nc3 exd5 5. cxd5 d6 6. Nf3 g6 7. g3 Bg7 8. Bg2 O-O 9. O-O Re8 10. Bf4 a6 11. a4 Nh5 12. Bg5 Qb6 13. Qc2 a5 14. Nd2 Bd7 15. Nc4 Qc7 16. Nb5 Bxb5 17. axb5 Nd7 18. Rfe1 b6 19. e4 Ne5 20. Nxe5 Rxe5 21. Bd2 Rae8 22. Bc3 R5e7 23. Re2 Nf6 24. Rae1 h5 25. f4 Nd7 26. Bxg7 Kxg7 27. Qc3+ f6 28. Bh3 Nf8 29. Re3 Kf7 30. Kg2 Qb8 31. Qc4 Kg7 32. Qe2 Qc7 33. f5 Re5 34. fxg6 Nxg6 35. Bf5 Rh8 36. Qf3 Qe7 37. Rf1 Qf7 38. Re2 Re7 39. Ref2 Ne5 40. Qf4 Kf8 41. Be6 Qg7 42. Qxf6+ Qxf6 43. Rxf6+ Kg7 44. R6f5 h4 45. Rg5+ Kh6 46. gxh4 Rg7 47. Rf5 Rxg5+ 48. hxg5+ Kg6 49. Kg3 Rh7 50. h4 1-0


[Site "https://www.chess.com"]

[Event "Titled Tuesday Blitz May 03 Late 2022"]
[White "Bas Mas, Jose Joaquin"]
[Black "Winkels, Marcel"]
[WhiteFideId "22219064"]
[BlackFideId "1003887"]
[WhiteElo "2233"]
[BlackElo "1900"]
[Result "0-1"]
[Round "08"]
[TimeControl "180+1"]
[Date "2022.05.03"]
[WhiteClock "0:00:21"]
[BlackClock "0:00:26"]

1. e4 e5 2. Nf3 Nf6 3. c3 Nxe4 4. Nxe5 Nc6 5. Nxc6 dxc6 6. Qe2 Qe7 7. d3 Nf6 8. Bg5 Qxe2+ 9. Bxe2 Be7 10. Nd2 O-O 11. O-O Bf5 12. Nf3 Rad8 13. d4 h6 14. Bh4 Nd5 15. Bxe7 Nxe7 16. Rfe1 Ng6 17. Bf1 Rfe8 18. h3 Nf4 19. g3 Nxh3+ 20. Bxh3 Bxh3 21. Ne5 f6 22. Nd3 Bg4 23. Nc5 Bc8 24. f4 Kf7 25. Kf2 Rxe1 26. Rxe1 Re8 27. Ra1 b6 28. Nd3 Ba6 29. Nc1 f5 30. a4 Bc4 31. a5 b5 32. b3 Bd5 33. a6 g5 34. Ra2 Re4 35. fxg5 hxg5 36. Rc2 Re8 37. c4 Be4 38. Rc3 b4 39. Re3 Rh8 40. g4 Rh2+ 41. Ke1 Rh1+ 42. Kd2 Rh2+ 43. Ke1 Rc2 44. Ne2 Rb2 45. gxf5 Bxf5 46. Re5 Kf6 47. Re3 Ra2 48. Ng3 Bd7 49. Ne4+ Kg6 50. Nc5 Bh3 51. Re7 g4 52. Rxc7 g3 53. Rxc6+ Kg5 54. Ne4+ Kf4 55. Nxg3 Kxg3 56. Rf6 Rb2 57. d5 Rxb3 58. c5 Rd3 59. d6 Bg4 60. c6 Rd1# 0-1


[Site "https://www.chess.com"]